 Dungeon Crawl Stone Soup version 0.30-a0-996-ga6910c8ee8 (webtiles) character file.

Game seed: 5470532043252597391

28855 jasper the Spear-Bearer (level 13, 0/111 HPs)
             Began as a Merfolk Summoner on Apr 4, 2023.
             Was a High Priest of Ashenzari.
             Slain by a reaper
             ... wielding a +1 scythe of freezing
              (16 damage)
             ... in an ice cave.
             The game lasted 00:33:53 (16944 turns).

jasper the Spear-Bearer (Merfolk Summoner)         Turns: 16944, Time: 00:33:53

Health: 0/111      AC: 25    Str: 13    XL:     13   Next: 41%
Magic:  14/21      EV: 20    Int: 24    God:    Ashenzari [*****.]
Gold:   674        SH:  7    Dex: 16    Spells: 3/20 levels left

rFire   . . .      SeeInvis +    P - +2 trident of the Shattered Sky {protect, Alch, Self} (curse)
rCold   . . .      Faith    .    H - +0 buckler "Distant Stoicism" {Bglg, Self} (curse)
rNeg    . . .      Spirit   .    j - +0 steam dragon scales "Mantic Submission" {Fort, Cun} (curse)
rPois   .          Reflect  .    (no helmet)
rElec   .          Rampage  .    F - +2 cloak "Ruined Repose" {Range, Comp} (curse)
rCorr   .          Clarity  +    d - +0 pair of gloves of Ashenzari's Malaise {Int+4 Dex+2, Comp, Alch} (curse)
Will    .....                    (no boots)
Stlth   +++                      f - amulet of Ouranomancy {Regen+, Fort, Evo} (curse)
HPRegen 1.18/turn                p - ring of the Fated Negation {AC+4, Fort, Alch} (curse)
MPRegen 0.17/turn                S - ring "Gnosis of Ashenzari" {Drain AC+4 Str+5, Comp, Fort} (curse)

@: under a protective aura
A: (nimble swimmer 2), mertail, high MP 1
a: Renounce Religion, Curse Item, Shatter the Chains


You were in an ice cave.
You worshipped Ashenzari.
Ashenzari was extremely pleased with you.
You visited 4 branches of the dungeon, and saw 18 of its levels.
You also visited: Ossuary and Ice Cave.

You collected 1393 gold pieces.
You spent 719 gold pieces at shops.

Inventory:

Hand Weapons
 P - the cursed +2 trident of the Shattered Sky (weapon) {protect, Alch, Self}
   (You bought it in a shop on level 1 of the Orcish Mines)

   It has a curse which improves the following skills: Alchemy: Poison Magic and
   Transmutations.
   Introspection: Fighting and Spellcasting.
Missiles
 h - a throwing net
 k - 7 curare-tipped darts
 l - 6 javelins
Armour
 d - the cursed +0 pair of gloves of Ashenzari's Malaise (worn) {Int+4 Dex+2, Comp, Alch}
   (You acquired it on level 4 of the Lair of Beasts)

   Int:       It affects your intelligence (+4).
   Dex:       It affects your dexterity (+2).
   It has a curse which improves the following skills: Companions: Summonings
   and Necromancy.
   Alchemy:   Poison Magic and Transmutations.
 j - the cursed +0 steam dragon scales "Mantic Submission" (worn) {Fort, Cun}
   (You found it on level 7 of the Dungeon)

   It has a curse which improves the following skills: Fortitude: Armour and
   Shields.
   Cunning:   Dodging and Stealth.
 s - a +2 kite shield of cold resistance
 u - +0 acid dragon scales
 E - a +0 kite shield
 F - the cursed +2 cloak "Ruined Repose" (worn) {Range, Comp}
   (You bought it in a shop on level 8 of the Dungeon)

   It has a curse which improves the following skills: Ranged Combat: Ranged
   Weapons and Throwing.
   Companions: Summonings and Necromancy.
 H - the cursed +0 buckler "Distant Stoicism" (worn) {Bglg, Self}
   (You took it off a gnoll sergeant on level 8 of the Dungeon)

   It has a curse which improves the following skills: Beguiling: Conjurations,
   Hexes and Translocations.
   Introspection: Fighting and Spellcasting.
Jewellery
 f - the cursed amulet of Ouranomancy (around neck) {Regen+, Fort, Evo}
   (You found it on level 1 of the Dungeon)

   [amulet of regeneration]

   Regen:     It increases your rate of health regeneration.
   It has a curse which improves the following skills: Fortitude: Armour and
   Shields.
   Evocations: Evocations.
 o - a ring of protection from cold
 p - the cursed ring of the Fated Negation (left hand) {AC+4, Fort, Alch}
   (You found it on level 5 of the Dungeon)

   [ring of protection]

   AC:        It affects your AC (+4).
   It has a curse which improves the following skills: Fortitude: Armour and
   Shields.
   Alchemy:   Poison Magic and Transmutations.
 v - a ring of poison resistance
 K - a ring of flight
 N - a +6 ring of dexterity
 O - the amulet of Ciroxt {Faith +Blink rElec rF+++ Str-5}
   (You found it on level 3 of the Lair of Beasts)

   [amulet of faith]

   It allows you to gain divine favour quickly.
   Str:       It affects your strength (-5).
   rF:        It renders you almost immune to fire.
   rElec:     It insulates you from electricity.
   +Blink:    It lets you blink.
 R - a +4 ring of protection
 S - the cursed ring "Gnosis of Ashenzari" (right hand) {Drain AC+4 Str+5, Comp, Fort}
   (You found it on level 11 of the Dungeon)

   [ring of protection]

   AC:        It affects your AC (+4).
   Str:       It affects your strength (+5).
   Drain:     It drains your maximum health when unequipped.
   It has a curse which improves the following skills: Companions: Summonings
   and Necromancy.
   Fortitude: Armour and Shields.
 T - a +4 ring of protection
Wands
 r - a wand of flame (51)
 t - a wand of paralysis (21)
 I - a wand of roots (11)
 V - a wand of mindburst (5)
 Z - a wand of digging (4)
Scrolls
 e - 6 scrolls of immolation
 g - 3 scrolls of enchant armour
 i - 5 scrolls of poison
 w - 9 scrolls of teleportation
 y - 2 scrolls of enchant weapon
 A - a scroll of fear
 C - a scroll of brand weapon
 J - 3 scrolls of identify
 Q - a scroll of magic mapping
Potions
 a - 2 potions of heal wounds
 b - 4 potions of curing
 c - a potion of berserk rage
 n - a potion of degeneration
 q - 7 potions of mutation
 x - a potion of cancellation
 z - a potion of haste
 B - 4 potions of attraction
 D - 2 potions of flight
 G - 3 potions of lignification
 L - 2 potions of ambrosia
 M - a potion of magic
 U - a potion of brilliance
 W - a potion of resistance
Miscellaneous
 m - a condenser vane
 Y - a phantom mirror


   Skills:
 + Level 10.4(13.5) Fighting
 - Level 14.0 Polearms
 - Level 1.5(4.6) Armour
 + Level 12.7(14.7) Dodging
 - Level 2.1(3.8) Stealth
 + Level 7.3(12.3) Shields
 - Level 2.0(4.3) Spellcasting
 * Level 12.4(16.5) Summonings
 - Level 3.0 Ice Magic
 - Level 2.0 Air Magic


You had 3 spell levels left.
You knew the following spells:

 Your Spells              Type           Power      Damage    Failure   Level
a - Summon Lightning Spi  Summ/Air       49%        N/A       2%          4
b - Call Canine Familiar  Summ           71%        N/A       1%          3
c - Summon Ice Beast      Ice/Summ       51%        N/A       1%          4
d - Summon Cactus Giant   Summ           35%        N/A       1%          6

Your spell library contained the following spells:

 Spells                   Type           Power      Damage    Failure   Level
 Summon Small Mammal      Summ           100%       N/A       0%          1
 Call Imp                 Summ           71%        N/A       1%          2
 Summon Guardian Golem    Hex/Summ       45%        N/A       1%          3
 Shock                    Conj/Air       40%        1d5       7%          1
 Ensorcelled Hibernation  Hex/Ice        26%        N/A       9%          2
 Frozen Ramparts          Ice            38%        1d6       10%         3
 Sandblast                Erth           10%        2d5       12%         1
 Sublimation of Blood     Necr           8%         N/A       13%         2
 Wereblood                Tmut           7%         N/A       14%         2
 Lesser Beckoning         Tloc           12%        N/A       16%         2
 Passwall                 Tmut/Erth      5%         N/A       16%         2
 Swiftness                Air            14%        N/A       16%         3
 Hailstorm                Conj/Ice       13%        3d5       17%         3
 Kindle Blastsparks       Fire/Tloc/Air  16%        2d11      24%         3
 Ignite Poison            Fire/Tmut/Pois 7%         N/A       28%         3
 Dazzling Flash           Conj/Hex       12%        N/A       30%         3
 Gell's Gravitas          Tloc           6%         N/A       30%         3
 Teleport Other           Tloc           6%         N/A       30%         3
 Stone Arrow              Conj/Erth      10%        3d7       32%         3
 Summon Forest            Summ/Tloc      22%        N/A       10%         5
 Summon Mana Viper        Hex/Summ       45%        N/A       10%         5
 Summon Hydra             Summ           35%        N/A       11%         7
 Airstrike                Air            7%         2d(1-17)  45%         4
 Ice Form                 Ice/Tmut       13%        N/A       47%         4
 Fulminant Prism          Conj/Hex       3%         3d5       69%         4
 Iskenderun's Mystic Bla  Conj/Tloc      6%         2d4       69%         4
 Sticky Flame             Conj/Fire      5%         2d3       71%         4
 Silence                  Hex/Air        5%         N/A       89%         5
 Agony                    Necr           8%         N/A       94%         5
 Lee's Rapid Deconstruct  Erth           2%         3d5*      97%         5
 Eringya's Noxious Bog    Tmut/Pois      4%         N/A       100%        6
 Simulacrum               Ice/Necr       6%         N/A       100%        6
 Ignition                 Fire           2%         3d3       100%        8


Dungeon Overview and Level Annotations

Branches:
Dungeon (11/15)            Temple (1/1) D:7            Lair (5/5) D:10
 Shoals (0/4) Lair:2       Spider (0/4) Lair:2          Orc (1/2) D:10
Ossuary (visited)           IceCv (1/1)
  Slime: Lair:4-5

Altars:
Ashenzari
Cheibriados
Dithmenos
Elyvilon
Fedhas
Gozag
Hepliaklqana
Kikubaaqudgha
Makhleb
Nemelex Xobeh
Okawaru
Qazlal
Ru
Sif Muna
Trog
Uskayaw
Vehumet
Wu Jian
Xom
Yredelemnul
Zin

Shops:
D:8 [   Orc:1 [!=(

Annotations:
Temple 2 transporters


Innate Abilities, Weirdness & Mutations

((You are very nimble when in or above water. (Stealth+, EV+, Speed+++)))
Your lower body shifts to a powerful aquatic tail in water.
You have an increased reservoir of magic. (+10% MP)


Message History

The reaper closely misses you.
Reach: P) +2 trident of the Shattered Sky {protect, Alch, Self} (curse)
Press: ? - help, Dir - move target, f/p - reaper
Aim: a reaper, wielding a +1 scythe of freezing (lightly wounded, ally target, about 27% to evade the cursed +2 trident of the Shattered Sky)
You could not reach far enough!
Your warg bites the reaper but does no damage.
Reach: P) +2 trident of the Shattered Sky {protect, Alch, Self} (curse)
Press: ? - help, Dir - move target, f/p - reaper
Aim: a reaper, wielding a +1 scythe of freezing (lightly wounded, ally target, about 27% to evade the cursed +2 trident of the Shattered Sky)
You reach to attack!
You closely miss the reaper.
The reaper is lightly wounded.
Your warg bites the reaper.
The reaper hits you from afar with a +1 scythe of freezing.
The reaper freezes you.
You take 5 damage, and have 93/111 hp.
Reach: P) +2 trident of the Shattered Sky {protect, Alch, Self} (curse)
Press: ? - help, Dir - move target, f/p - reaper
Aim: a reaper, wielding a +1 scythe of freezing (moderately wounded, ally target, about 27% to evade the cursed +2 trident of the Shattered Sky)
You could not reach far enough!
Your warg bites the reaper but does no damage.
The reaper hits you from afar with a +1 scythe of freezing!!
The reaper freezes you!
You take 45 damage, and have 48/111 hp.
MASSIVE DAMAGE!!
Reach: P) +2 trident of the Shattered Sky {protect, Alch, Self} (curse)
Press: ? - help, Dir - move target, f/p - reaper
Aim: a reaper, wielding a +1 scythe of freezing (moderately wounded, ally target, about 27% to evade the cursed +2 trident of the Shattered Sky)
You reach to attack!
You hit the reaper but do no damage.
Your weapon exudes an aura of protection.
The reaper is moderately wounded.
Your cactus giant completely misses the reaper.
Your warg bites the reaper but does no damage.
Reach: P) +2 trident of the Shattered Sky {protect, Alch, Self} (curse)
Press: ? - help, Dir - move target, f/p - reaper
Aim: a reaper, wielding a +1 scythe of freezing (moderately wounded, ally target, about 27% to evade the cursed +2 trident of the Shattered Sky)
You reach to attack!
You hit the reaper but do no damage.
The reaper is moderately wounded.
The reaper hits you from afar with a +1 scythe of freezing!!
* * * LOW HITPOINT WARNING * * *
The reaper freezes you!
You die...

##......## ##......######~.#..
##...###..####.....##..##~~##.#.
#..⌠..###...#....######~~~#####.
##...## ###...####≈≈≈≈≈~~## ##
###..# ####### ###≈≈≈≈≈≈≈# #
#..####..######.##≈≈≈≈≈≈≈# ###
###..#.##..#.#..≈≈≈≈≈≈≈≈≈###..
###.#####..##.#≈≈≈≈≈≈≈≈#..## ###
###@h2C#≈≈≈≈≈≈##...#
####.###≈≈≈##..###
##..#########.## *#..## ##..
#...## #... * #....# ###.
.....#* ## * .....* * ....{ *∆∆
**


You could see a reaper (ally target), a friendly cactus giant (summoned) and a
friendly warg (summoned).

Vanquished Creatures
  Snorg (Lair:5)
  A two-headed ogre (D:9)
  6 death yaks (Lair:2)
  An elephant (Lair:3)
  5 cane toads
  An ice statue (IceCv)
  2 komodo dragons
  An ice devil (Lair:5)
  2 trolls
  A polar bear (Lair:3)
  A blink frog (Lair:2)
  3 shadows
  5 wyverns
  A dire elephant simulacrum (IceCv)
  8 yaks
  A human (Lair:3)
  3 steam dragons
  A death yak simulacrum (IceCv)
  A harpy simulacrum (IceCv)
  A hydra simulacrum (IceCv)
  2 water moccasins (Lair:5)
  An ice beast (D:7)
  2 orc warriors (D:9)
  A black bear (D:5)
  A sky beast (D:6)
  An ogre (Orc:1)
  A phantom (D:4)
  3 bullfrogs
  2 kobold brigands
  2 gnoll sergeants (D:8)
  3 scorpions
  2 cane toad simulacra (IceCv)
  2 two-headed ogre simulacra (IceCv)
  4 wights (D:7)
  3 killer bees
  An electric eel (Lair:4)
  2 howler monkeys
  A jelly (D:7)
  An orc priest (D:9)
  4 sleepcaps
  An orc wizard (Orc:1)
  A troll simulacrum (IceCv)
  4 spriggan simulacra (IceCv)
  A mummy (Ossuary)
  4 adders
  A gnoll (D:8)
  4 naga simulacra (IceCv)
  4 white imps
  3 ufetubi
  2 worms (Lair:2)
  5 dart slugs
  24 orcs
  7 endoplasms
  3 giant cockroaches (D:3)
  8 goblins
  5 hobgoblins
  6 jackals
  2 quokkas
  4 ball pythons
  7 bats
  A frilled lizard (D:1)
  A gnoll zombie (Ossuary)
  A hobgoblin zombie (Ossuary)
  6 kobolds
  A kobold zombie (Ossuary)
  2 orc zombies (Ossuary)
  3 rats
196 creatures vanquished.

Vanquished Creatures (collateral kills)
  A reaper (Lair:3)
  A catoblepas (Lair:5)
  A boulder beetle (Lair:4)
  A shock serpent (shapeshifter) (D:11)
  Sonja (Lair:3)
  A cyclops (D:10)
  2 manticores
  2 elephants (Lair:3)
  A black mamba (Lair:4)
  2 cane toads (Lair:4)
  2 rime drakes
  4 komodo dragons
  An ice devil (Lair:5)
  Prince Ribbit (D:9)
  A hornet (D:10)
  A nameless horror (Ossuary)
  2 blink frogs (Lair:2)
  2 dire elephant simulacra (IceCv)
  13 yaks
  3 wyverns
  4 basilisks
  2 vampire mosquitoes (D:10)
  A harpy simulacrum (IceCv)
  A water moccasin (Lair:3)
  An acid dragon (D:10)
  A black bear (D:5)
  An orc warrior (Orc:1)
  2 sky beasts (D:7)
  3 ogres
  2 centaurs
  A bullfrog (Lair:3)
  5 scorpions
  A cane toad simulacrum (IceCv)
  3 two-headed ogre simulacra (IceCv)
  An elephant simulacrum (IceCv)
  4 killer bees
  2 howler monkeys (D:7)
  A jelly (D:6)
  A gnoll bouda (D:8)
  A hound (D:5)
  3 orc priests
  An iguana (D:6)
  6 orc wizards
  2 polar bear simulacra (IceCv)
  4 spriggan simulacra (IceCv)
  2 troll simulacra (IceCv)
  4 wolf simulacra (IceCv)
  7 mummies (Ossuary)
  9 gnolls (D:8)
  3 adders
  5 naga simulacra (IceCv)
  2 white imps (IceCv)
  3 ufetubi (IceCv)
  2 worms (Lair:2)
  17 orcs
  4 endoplasms
  A giant cockroach (Lair:2)
  A gnoll zombie (Ossuary)
  A hobgoblin (D:2)
  A quokka (D:5)
  4 ball pythons
  4 bats (D:1)
  2 frilled lizards (D:1)
  2 goblins (D:1)
  A hobgoblin zombie (Ossuary)
  10 kobolds
  A kobold zombie (Ossuary)
  A rat (D:1)
184 creatures vanquished.

Vanquished Creatures (others)
  A sleepcap (D:6)
  27 fungi
  9 plants
37 creatures vanquished.

Grand Total: 417 creatures vanquished

Notes
Turn   | Place    | Note
-------+----------+-------------------------------------------
     0 | D:1      | jasper the Merfolk Summoner began the quest for the Orb.
     0 | D:1      | Reached XP level 1. HP: 13/13 MP: 3/3
    93 | D:1      | Reached XP level 2. HP: 20/20 MP: 1/5
   315 | D:1      | Reached skill level 1 in Fighting
   576 | D:1      | Reached XP level 3. HP: 26/26 MP: 6/6
   606 | D:1      | Learned a level 3 spell: Call Canine Familiar
  1211 | D:2      | Reached XP level 4. HP: 33/33 MP: 7/7
  2424 | D:4      | Noticed a phantom
  2425 | D:4      | Noticed an ogre
  2445 | D:5      | Entered Level 5 of the Dungeon
  2598 | D:5      | Reached XP level 5. HP: 39/39 MP: 5/8
  2652 | D:5      | Reached skill level 5 in Summonings
  2659 | D:5      | Learned a level 4 spell: Summon Ice Beast
  2859 | D:5      | Noticed a black bear
  2867 | D:5      | Killed a black bear
  2868 | D:5      | Reached skill level 5 in Dodging
  2868 | D:5      | Reached skill level 1 in Ice Magic
  2868 | D:5      | Reached XP level 6. HP: 25/47 MP: 6/9
  3321 | D:5      | Noticed a black bear
  3333 | D:5      | Killed a black bear
  3960 | D:6      | You fall into a shaft and drop 1 floor!
  4000 | D:7      | Reached XP level 7. HP: 27/53 MP: 8/10
  4407 | D:6      | Reached skill level 1 in Polearms
  4481 | D:6      | Noticed a steam dragon
  4502 | D:6      | Killed a steam dragon
  4503 | D:6      | Reached skill level 2 in Polearms
  4503 | D:6      | Gained mutation: You have an increased reservoir of magic.
                  | (+10% MP) [potion of mutation]
  4507 | D:6      | Reached skill level 3 in Polearms
  4765 | D:7      | Noticed a steam dragon
  4779 | D:7      | Killed a steam dragon
  4780 | D:7      | Reached skill level 4 in Polearms
  4780 | D:7      | Reached XP level 8. HP: 39/61 MP: 9/12
  4926 | D:5      | Reached skill level 5 in Fighting
  4926 | D:5      | Reached skill level 5 in Polearms
  5631 | D:4      | Found an ornate altar of the Wu Jian Council.
  5869 | D:7      | Reached skill level 6 in Polearms
  5969 | D:7      | Reached XP level 9. HP: 61/61 MP: 4/13
  5985 | D:7      | Reached skill level 7 in Polearms
  6018 | D:7      | Learned a level 4 spell: Summon Lightning Spire
  6686 | D:7      | Found a staircase to the Ecumenical Temple.
  6696 | Temple   | Entered the Ecumenical Temple
  6696 | Temple   | Found a transporter.
  6696 | Temple   | Found a transporter.
  6698 | Temple   | Found a transporter.
  6698 | Temple   | Found a transporter.
  6714 | Temple   | Became a worshipper of Ashenzari the Shackled
  6996 | D:8      | Reached skill level 1 in Air Magic
  7028 | D:8      | Found a sand-covered staircase.
  7053 | Ossuary  | Entered an ossuary
  7070 | Ossuary  | Noticed a nameless horror
  7081 | Ossuary  | Killed a nameless horror
  7457 | D:8      | Reached skill level 8 in Polearms
  7618 | D:8      | Found Noveorru's Antique Armour Shop.
  7622 | D:8      | Bought a glowing cloak for 232 gold pieces
  7703 | D:8      | Found a blossoming altar of Fedhas.
  7703 | D:8      | Found a basalt altar of Yredelemnul.
  7703 | D:8      | Found a sacrificial altar of Ru.
  7794 | D:8      | Reached skill level 1 in Shields
  7906 | D:8      | Reached skill level 9 in Polearms
  8333 | D:9      | Reached XP level 10. HP: 79/79 MP: 6/14
  8334 | D:9      | Noticed Prince Ribbit
  8347 | D:9      | Noticed a gargoyle
  8685 | D:10     | Entered Level 10 of the Dungeon
  8706 | D:10     | Found a shimmering blue altar of Sif Muna.
  8706 | D:10     | Noticed a cyclops
  8724 | D:10     | Reached * piety under Ashenzari
  8769 | D:10     | Killed a cyclops
  9048 | D:10     | Reached skill level 10 in Polearms
  9206 | D:10     | Found a staircase to the Orcish Mines.
  9312 | D:10     | Reached ** piety under Ashenzari
  9607 | D:10     | Reached skill level 11 in Polearms
  9733 | D:10     | Found a staircase to the Lair.
 10016 | D:10     | Reached skill level 12 in Polearms
 10093 | Orc:1    | Entered Level 1 of the Orcish Mines
 10093 | Orc:1    | Found Reseg's Armour Shop.
 10116 | Orc:1    | Found Wiliafa's Distillery.
 10162 | Orc:1    | Bought a potion of curing for 36 gold pieces
 10162 | Orc:1    | Bought a potion of heal wounds for 60 gold pieces
 10162 | Orc:1    | Bought a potion of curing for 36 gold pieces
 10162 | Orc:1    | Bought a potion of ambrosia for 96 gold pieces
 10179 | Orc:1    | Found Surab's Weapon Shoppe.
 10188 | Orc:1    | Bought a +2 trident of protection for 259 gold pieces
 10219 | Orc:1    | Found Eguibak's Jewellery Boutique.
 10412 | D:11     | Noticed a manticore
 10665 | D:11     | Noticed a shock serpent
 10675 | D:11     | Killed a shock serpent
 10676 | D:11     | Reached skill level 13 in Polearms
 10676 | D:11     | Reached XP level 11. HP: 46/86 MP: 5/16
 10716 | D:11     | Killed a manticore
 10717 | D:11     | Reached skill level 14 in Polearms
 11007 | D:11     | Identified the ring of Vurahuek {Drain AC+4 Str+5}
 11314 | D:9      | Noticed a two-headed ogre
 11325 | D:9      | Killed a two-headed ogre
 11466 | D:9      | Killed Prince Ribbit
 11467 | D:9      | Reached skill level 1 in Armour
 12182 | Lair:1   | Entered Level 1 of the Lair of Beasts
 12207 | Lair:2   | Noticed a death yak
 12207 | Lair:2   | Noticed a death yak
 12207 | Lair:2   | Noticed a death yak
 12207 | Lair:2   | Noticed a death yak
 12207 | Lair:2   | Noticed a death yak
 12223 | Lair:2   | Noticed a death yak
 12256 | Lair:2   | Killed a death yak
 12290 | Lair:2   | Killed a death yak
 12301 | Lair:2   | Killed a death yak
 12302 | Lair:2   | Reached skill level 10 in Dodging
 12340 | Lair:2   | Killed a death yak
 12384 | Lair:2   | Killed a death yak
 12398 | Lair:2   | Killed a death yak
 12413 | Lair:2   | Identified the cursed +0 steam dragon scales "Mantic
                  | Submission" {Fort, Cun} (You found it on level 7 of the
                  | Dungeon)
 12559 | Lair:2   | Found a staircase to the Shoals.
 12572 | Lair:2   | Found a hole to the Spider Nest.
 12802 | Lair:2   | Reached XP level 12. HP: 96/96 MP: 10/18
 12967 | Lair:2   | Reached *** piety under Ashenzari
 13051 | Lair:2   | Reached skill level 5 in Shields
 13051 | Lair:2   | Reached skill level 10 in Summonings
 13322 | Lair:2   | Learned a level 6 spell: Summon Cactus Giant
 13476 | Lair:3   | Found a runed translucent door.
 13476 | Lair:3   | Identified the amulet of Ciroxt {Faith +Blink rElec rF+++
                  | Str-5}
 13479 | Lair:3   | Noticed a reaper
 13520 | Lair:3   | Killed a reaper
 13926 | Lair:3   | Reached **** piety under Ashenzari
 14009 | Lair:3   | Identified a scroll of acquirement
 14338 | Lair:3   | Noticed Sonja
 14356 | Lair:3   | Killed Sonja
 15189 | Lair:4   | Noticed a boulder beetle
 15203 | Lair:4   | Killed a boulder beetle
 15204 | Lair:4   | Reached XP level 13. HP: 95/109 MP: 14/20
 15275 | Lair:4   | Acquired the +0 pair of gloves "Sasuim" {Int+4 Dex+2}
 15282 | Lair:4   | Reached ***** piety under Ashenzari
 15578 | Lair:5   | Entered Level 5 of the Lair of Beasts
 15659 | Lair:5   | Noticed Snorg
 15673 | Lair:5   | Killed Snorg
 15674 | Lair:5   | Reached skill level 10 in Fighting
 15844 | Lair:5   | Found a frozen archway.
 15870 | IceCv    | Entered an ice cave
 16781 | IceCv    | Noticed a reaper
 16944 | IceCv    | Slain by a reaper

Illustrated notes

Levels and vault maps discovered:
D:1:      minmay_arrival_plants_in_alcoves, layout_loops_ring, st_stairs_2,
          chequers_mini_garden
D:2:      minmay_wonky_spiral, layout_basic, minmay_tromino_v2
D:3:      layout_loops_corners
D:4:      layout_loops_ring, lemuel_coloured_pillars_altar
D:5:      layout_layer_cave
D:6:      lemuel_ice_spiral_2, layout_basic, chequers_jeans
D:7:      layout_layer_cave, minmay_temple_entry_statues
D:8:      layout_loops_corners, gammafunk_temple_overflow_claw, enter_ossuary_1,
          serial_shops, shop, minmay_misc_feat_four_crosses, uniq_gastronok
D:9:      layout_stronghold, uniq_prince_ribbit1
D:10:     old_forge, layout_stronghold, nicolae_sif_muna_condensation,
          erik_lair_dragon, orc_0_dummy, chequers_garden
D:11:     layout_basic
Temple:   hellmonk_temple_divided_pantheon
Lair:1:   layout_cave_shapes
Lair:2:   layout_cave_pods, shoals_dummy_entry, nicolae_spider_entry_non_spiders
Lair:3:   layout_cellular_growth, pdpol_lair_cabin_in_the_woods, uniq_sonja
Lair:4:   layout_gridlike, infiniplex_staircase_pool, lemuel_fruit_tree
Lair:5:   evilmike_catoblepas_cave, layout_regular_city,
          dpeg_slime_entry_enclosed, portal_ice_cave_demonic_guard, uniq_snorg,
          uniq_rupert
Orc:1:    layout_caves, serial_shops, nicolae_lakefront_shop, shop,
          nicolae_shop_crystal, shop, nicolae_square_shop
IceCv:    ice_cave_caverns_02

Skill      XL: |  1  2  3  4  5  6  7  8  9 10 11 12 13 |
---------------+----------------------------------------+-----
Dodging        | 3 4 5 6 7 8 9 10 12 | 12.7
Fighting       | 1 2 3 4 5 6 7 8 9 10 | 10.4
Summonings     | 5 6 7 9 11 12 | 12.4
Ice Magic      | 1 2 3 |  3.0
Polearms       | 4 6 9 13 14 | 14.0
Air Magic      | 2 |  2.0
Shields        | 1 2 4 6 7 |  7.3
Armour         | 1 |  1.5
Stealth        | |  2.1
Spellcasting   | |  2.0

Action                     |  1- 3 |  4- 6 |  7- 9 | 10-12 | 13-15 || total
---------------------------+-------+-------+-------+-------+-------++-------
  Melee: Whip              |    88 |   107 |    22 |       |       ||   217
         Club              |     5 |       |       |       |       ||     5
         Punch             |     3 |     1 |     7 |       |       ||    11
         Trident           |       |       |   431 |   697 |   239 ||  1367
         Unarmed           |       |       |    19 |    23 |       ||    42
         Tailslap          |       |       |       |     1 |     2 ||     3
   Cast: Summon Small Mamm |    17 |       |       |       |       ||    17
         Call Canine Famil |     3 |    15 |    39 |    51 |     2 ||   110
         Summon Ice Beast  |       |       |     5 |    17 |     1 ||    23
         Summon Lightning  |       |       |     1 |    15 |     1 ||    17
         Summon Cactus Gia |       |       |       |     4 |    22 ||    26
 Invoke: Curse Item        |       |       |     1 |     7 |     1 ||     9
         Shatter the Chain |       |       |       |     1 |       ||     1
  Evoke: Wand              |       |       |       |     3 |       ||     3
    Use: Scroll            |       |     8 |    11 |     2 |     1 ||    22
         Potion            |       |       |     7 |     7 |       ||    14
   Stab: Sleeping          |     4 |     1 |     1 |     3 |     1 ||    10
         Distracted        |       |     1 |     7 |     5 |     3 ||    16
         Invisible         |       |       |       |    19 |       ||    19
 Armour: Robe              |    24 |    41 |    29 |       |       ||    94
         Steam dragon scal |       |       |   105 |   219 |    40 ||   364
         Skin              |       |       |    20 |    14 |       ||    34
  Dodge: Dodged            |    93 |   114 |   302 |   437 |    93 ||  1039
  Block: Kite shield       |       |       |    20 |       |       ||    20
         Buckler           |       |       |     5 |   162 |    51 ||   218

Table legend: (Time is in decaauts)
 A = Elapsed time spent in this place.
 B = Non-inter-level travel time spent in this place.
 C = Inter-level travel time spent in this place.
 D = Time resting spent in this place.
 E = Time spent auto-exploring this place.
 F = Levels seen in this place.
 G = Mean time per level.
                   A        B        C        D        E       F      G
               +--------+--------+--------+--------+--------+-----+--------+
         Total |  16676 |  15904 |    772 |    593 |  11406 |  20 |  833.8 |
       Dungeon |  11586 |  10921 |    665 |    223 |   8105 |  11 | 1053.3 |
        Temple |     31 |     20 |     11 |      0 |      0 |   1 |   31.0 |
          Lair |   3486 |   3405 |     81 |    145 |   2412 |   5 |  697.2 |
  Orcish Mines |    289 |    274 |     15 |      0 |    198 |   1 |  289.0 |
       Ossuary |    285 |    285 |      0 |     57 |    108 |   1 |  285.0 |
      Ice Cave |    997 |    997 |      0 |    168 |    581 |   1 |  997.0 |
               +--------+--------+--------+--------+--------+-----+--------+

Top non-repeatable levels by time:
     D:5: 1559 daAuts
    D:10: 1550 daAuts
     D:8: 1439 daAuts
  Lair:3: 1288 daAuts
  Lair:2: 1124 daAuts
     D:7: 1058 daAuts
     D:9: 1011 daAuts
   IceCv: 997 daAuts
     D:1: 955 daAuts
     D:6: 930 daAuts
     D:3: 848 daAuts
     D:4: 842 daAuts
  Lair:4: 779 daAuts
    D:11: 757 daAuts
     D:2: 634 daAuts
